 Dungeon Crawl Stone Soup version 0.31-a0-182-gc5ef74bbde (webtiles) character file.

Game seed: 1305047424239738727

4 2FriedEggs the Charlatan (level 1, 0/12 HPs)
             Began as a Kobold Artificer on June 20, 2023.
             Slain by a quokka (3 damage)
             ... on level 1 of the Dungeon.
             The game lasted 00:00:36 (136 turns).

2FriedEggs the Charlatan (Kobold Artificer)          Turns: 136, Time: 00:00:37

Health: 0/12       AC:  3    Str:  9    XL:     1   Next: 77%
Magic:  1/1        EV: 14    Int: 12    God:
Gold:   0          SH:  0    Dex: 15    Spells: 0/0 levels left

rFire   . . .        a - +0 club
rCold   . . .        (no shield)
rNeg    . . .        b - +0 leather armour
rPois   .            (no helmet)
rElec   .            (no cloak)
rCorr   .            (no gloves)
SInv    .            (no boots)
Will    .....        (no amulet)
Stlth   +++          (no ring)
HPRegen 0.22/turn    (no ring)
MPRegen 0.07/turn

%: no passive effects
@: no status effects
A: small, no large weapons, nightstalker 3
a: no special abilities


You were on level 1 of the Dungeon.
You visited 1 branch of the dungeon, and saw 1 of its levels.

Inventory:

Hand Weapons
 a - a +0 club (weapon)
Armour
 b - a +0 leather armour (worn)
Wands
 c - a wand of flame (15) (quivered)
 d - a wand of charming (15)
 e - a wand of iceblast (5)


   Skills:
 - Level 1.1 Fighting
 * Level 1.3 Ranged Weapons
 - Level 0.7 Armour
 - Level 2.4 Dodging
 - Level 1.3 Stealth
 + Level 3.7 Evocations


You couldn't memorise any spells.
You didn't know any spells.
Your spell library was empty.

Dungeon Overview and Level Annotations

Branches:
Dungeon (1/15)

Altars:


Innate Abilities, Weirdness & Mutations

You are small and have problems with some larger weapons.
You are completely attuned to the shadows.


Message History

You hit the jackal.
The jackal is almost dead.
The jackal bites you but does no damage.
The jackal bites you.
You hit the jackal.
You kill the jackal!
The quokka bites you.
You miss the quokka. The quokka misses you.
You completely miss the quokka. The quokka barely misses you.
The quokka misses you.
You hit the quokka but do no damage.
The quokka bites you but does no damage.
The quokka misses you.
You hit the quokka.
The quokka is lightly wounded.
The quokka completely misses you.
You miss the quokka.
The quokka is lightly wounded.
The quokka bites you. x2
You hit the quokka but do no damage.
The quokka is lightly wounded.
The quokka misses you.
You are too injured to fight recklessly!
You barely miss the quokka.
The quokka is lightly wounded.
The quokka bites you but does no damage.
The quokka misses you.
You hit the quokka but do no damage.
The quokka is lightly wounded.
The quokka misses you.
You are too injured to fight recklessly!
You closely miss the quokka.
The quokka is lightly wounded.
The quokka closely misses you. The quokka barely misses you.
You closely miss the quokka.
The quokka is lightly wounded.
The quokka bites you.
* * * LOW HITPOINT WARNING * * *
The quokka bites you.
You die...

.# .. ## # #
.#. #l# #r#
.### #@# ....
#†# .... #.#
.#..
#####.##.
#######..
##.........
#########.
###...##.##..
8.8#..⌠##.
.........# .
...#....'.
###>..##.#
⌠..#..♣##.
..........
_.>#<...+.


You could see a quokka and a frilled lizard.

Vanquished Creatures
  3 jackals (D:1)
  A frilled lizard (D:1)
4 creatures vanquished.

Notes
Turn   | Place    | Note
-------+----------+-------------------------------------------
     0 | D:1      | 2FriedEggs the Kobold Artificer began the quest for the
                  | Orb.
     0 | D:1      | Reached XP level 1. HP: 12/12 MP: 1/1
   118 | D:1      | Reached skill level 1 in Ranged Weapons
   136 | D:1      | Slain by a quokka

Illustrated notes

Levels and vault maps discovered:
D:1:      spicycebolla_arrival_ecumenical, layout_loops_ring

Skill      XL: |  1 |
---------------+----+-----
Ranged Weapons | 1 |  1.3
Fighting       | |  1.1
Armour         | |  0.7
Dodging        | |  2.4
Stealth        | |  1.3
Evocations     | |  3.7

Action                     || total
---------------------------++-------
  Melee: Club              ||    27
   Stab: Sleeping          ||     2
 Armour: Leather armour    ||     4
  Dodge: Dodged            ||    28

Table legend: (Time is in decaauts)
 A = Elapsed time spent in this place.
 B = Non-inter-level travel time spent in this place.
 C = Inter-level travel time spent in this place.
 D = Time resting spent in this place.
 E = Time spent auto-exploring this place.
 F = Levels seen in this place.
 G = Mean time per level.
                   A        B        C        D        E       F      G
               +--------+--------+--------+--------+--------+-----+--------+
         Total |    143 |    143 |      0 |      0 |    100 |   1 |  143.0 |
       Dungeon |    143 |    143 |      0 |      0 |    100 |   1 |  143.0 |
               +--------+--------+--------+--------+--------+-----+--------+

Top non-repeatable levels by time:
     D:1: 143 daAuts
